 Dungeon Crawl Stone Soup version 0.29-a0-266-gf56f883ddd (webtiles) character file.

Game seed: 5056764382766158908

51 enile the Bolt Thrower (level 3, -9/31 HPs)
             Began as a Gnoll Wanderer on Mar 7, 2022.
             Was an Initiate of Yredelemnul.
             Mangled by an iguana (12 damage)
             ... on level 3 of the Dungeon.
             The game lasted 00:03:28 (1857 turns).

enile the Bolt Thrower (Gnoll Wanderer)             Turns: 1857, Time: 00:03:28

Health: -9/31      AC:  2    Str: 10    XL:     3   Next: 81%
Magic:  9/9        EV: 11    Int: 10    God:    Yredelemnul [......]
Gold:   60         SH:  0    Dex: 15    Spells: 9/12 levels left

rFire   . . .      SeeInvis .   a - +0 hand crossbow
rCold   . . .      Faith    .   (no shield)
rNeg    . . .      Spirit   .   w - +0 robe {Will+}
rPois   .          Reflect  .   (no helmet)
rElec   .          Harm     .   (no cloak)
rCorr   .          Rampage  .   (no gloves)
Will    +....                   (no boots)
Stlth   ++........              (no amulet)
HPRegen 0.10/turn               (no ring)
MPRegen 0.11/turn               (no ring)

@: no status effects
A: fangs 1, strong nose, distributed training
a: Renounce Religion, Recall Undead Harvest


You were on level 3 of the Dungeon.
You worshipped Yredelemnul.
Yredelemnul was noncommittal.
You visited 1 branch of the dungeon, and saw 3 of its levels.

You collected 159 gold pieces.
You spent 99 gold pieces at shops.

Inventory:

Hand Weapons
 a - a +0 hand crossbow (weapon)
 c - a +0 dagger
 n - a +0 short sword of flaming
Missiles
 b - 6 boomerangs
 k - 10 poisoned darts (quivered)
 l - 4 atropa-tipped darts
Armour
 e - a +0 robe
 w - a +0 robe of willpower (worn)
Wands
 o - a wand of flame (19)
Scrolls
 g - 2 scrolls of identify {unknown}
 i - a scroll of noise {unknown}
 p - a scroll of magic mapping {unknown}
 q - a scroll of torment {unknown}
 r - 2 scrolls of enchant weapon {unknown}
 t - a scroll of blinking {unknown}
 u - a scroll of immolation {unknown}
Potions
 d - 3 potions of lignification
 f - 2 potions of heal wounds {unknown}
 h - 2 potions of degeneration {unknown}
 j - a potion of curing {unknown}
 m - a potion of brilliance {unknown}
 s - a potion of ambrosia {unknown}
 v - a potion of cancellation {unknown}


   Skills:
 + Level 4.6 Fighting
 + Level 1.0 Short Blades
 + Level 1.0 Long Blades
 + Level 1.0 Axes
 + Level 1.0 Maces & Flails
 + Level 1.0 Polearms
 + Level 1.0 Staves
 + Level 1.0 Slings
 + Level 1.0 Bows
 + Level 6.5 Crossbows
 + Level 2.6 Throwing
 + Level 1.0 Armour
 + Level 1.0 Dodging
 + Level 1.0 Stealth
 + Level 1.0 Shields
 + Level 1.0 Unarmed Combat
 + Level 5.0 Spellcasting
 + Level 0.7 Conjurations
 + Level 0.7 Hexes
 + Level 0.7 Summonings
 + Level 3.8 Necromancy
 + Level 0.7 Translocations
 + Level 0.7 Transmutations
 + Level 0.7 Fire Magic
 + Level 0.7 Ice Magic
 + Level 0.7 Air Magic
 + Level 0.7 Earth Magic
 + Level 0.7 Poison Magic
 + Level 1.0 Invocations
 + Level 1.0 Evocations


You had 9 spell levels left.
You knew the following spells:

 Your Spells              Type           Power      Damage    Failure   Level
a - Animate Skeleton      Necr           20%        N/A       4%          1
b - Call Imp              Summ           3%         N/A       26%         2

Your spell library contained the following spells:

 Spells                   Type           Power      Damage    Failure   Level
 Magic Dart               Conj           12%        1d3       17%         1
 Dispel Undead            Necr           10%        3d9       43%         4
 Mephitic Cloud           Conj/Pois/Air  3%         N/A       45%         3
 Anguish                  Hex/Necr       3%         N/A       65%         4


Dungeon Overview and Level Annotations

Branches:
Dungeon (3/15)

Altars:
Trog
Uskayaw
Yredelemnul

Shops:
D:2 :   D:3 *


Innate Abilities, Weirdness & Mutations

You have very sharp teeth.
Your uncanny sense of smell can sniff out nearby items.
Your experience applies equally to all skills.


Message History

The iguana hisses angrily.
The bolt hits the iguana.
The iguana is moderately wounded.
You shoot a bolt.
The bolt hits the iguana but does no damage.
The iguana is moderately wounded.
You shoot a bolt. The bolt closely misses the iguana.
The iguana bites you.
You shoot a bolt.
The bolt hits the iguana but does no damage.
The iguana is moderately wounded.
The iguana bites you!
You shoot a bolt. The bolt closely misses the iguana.
The iguana barely misses you.
Something hits the iguana but does no damage.
The iguana attacks as you move away! The iguana closely misses you.
Your kobold zombie hits the iguana.
The iguana closely misses your kobold zombie.
The iguana bites your kobold zombie!
Your kobold zombie is destroyed!
Something hits the iguana but does no damage.
Throw: 12 darts (poison)
Press: ? - help, Q - select action, (/) - cycle Shift-Dir - straight line, f/p - iguana
Aim: an iguana (moderately wounded, 65% to hit)
You throw a poisoned dart. The poisoned dart hits the iguana.
The iguana is poisoned.
The iguana is moderately wounded.
Throw: 11 darts (poison)
Press: ? - help, Q - select action, (/) - cycle Shift-Dir - straight line, f/p - iguana
Aim: an iguana (moderately wounded, poisoned, ally target, 65% to hit)
You throw a poisoned dart.
The poisoned dart closely misses the iguana.
The iguana attacks as you move away! The iguana bites you!
The iguana attacks as you move away! The iguana barely misses you.
The iguana looks more healthy.
The iguana attacks as you move away! The iguana bites you!
* * * LOW HITPOINT WARNING * * *
Okay, then.
The iguana attacks as you move away! The iguana bites you!
You die...
Your body rises from the dead as a mindless zombie.

#.......######.......
#...#..........##Z...
#...#...#####..##Z)..
#...#Z..#####..###...
#...#.(.##...........
#.#.#.#(.#.##..###...
#..###...#.##..#####.
#..l#................
#...@...##.#########.
##.#######.## ##' #.#
#<.# ##.. #.# ##.#
#... #.# ##..# ####
#.######...## #
#......l....# #
########...## # ##.##
#


You could see an iguana.

Vanquished Creatures
  2 worms
  A dart slug (D:3)
  An orc (D:3)
  4 ball pythons
  6 bats
  2 endoplasms (D:3)
  2 giant cockroaches
  2 hobgoblins
  3 quokkas
  A frilled lizard (D:1)
  6 kobolds
  6 rats
36 creatures vanquished.

Vanquished Creatures (collateral kills)
  An endoplasm (D:2)
  A hobgoblin (D:3)
  2 bats
4 creatures vanquished.

Vanquished Creatures (others)
  2 bat zombies
  A ball python zombie (D:2)
  A kobold zombie (D:3)
  A quokka zombie (D:3)
  A spectral endoplasm (D:3)
  A plant (D:1)
  A withered plant (D:1)
8 creatures vanquished.

Grand Total: 48 creatures vanquished

Notes
Turn   | Place    | Note
-------+----------+-------------------------------------------
     0 | D:1      | enile the Gnoll Wanderer began the quest for the Orb.
     0 | D:1      | enile set off with the following items: a +0 hand crossbow,
                  | 6 boomerangs, a +0 dagger, a potion of lignification, a +0
                  | robe; and the following spell memorised: Animate Skeleton;
                  | and the following spells available to memorise: Dispel
                  | Undead, Anguish
     0 | D:1      | Reached XP level 1. HP: 20/20 MP: 6/6
   103 | D:1      | Reached XP level 2. HP: 23/26 MP: 7/7
   137 | D:1      | Learned a level 2 spell: Call Imp
   245 | D:1      | Found a faded altar of an unknown god.
   409 | D:1      | Prayed at the altar of an unknown god.
   409 | D:1      | Became a worshipper of Yredelemnul the Dark
   409 | D:1      | Reached * piety under Yredelemnul
   757 | D:2      | Found Toetops's Book Emporium.
   762 | D:2      | Reached XP level 3. HP: 31/31 MP: 9/9
   791 | D:2      | Reached skill level 5 in Spellcasting
  1543 | D:3      | Found a hide-covered altar of Uskayaw.
  1636 | D:3      | Reached skill level 1 in Invocations
  1667 | D:3      | Found Ymukhacs's Assorted Antiques.
  1673 | D:3      | Bought an embroidered robe for 99 gold pieces
  1703 | D:3      | Found a bloodstained altar of Trog.
  1808 | D:3      | Reached skill level 1 in Short Blades
  1808 | D:3      | Reached skill level 1 in Long Blades
  1808 | D:3      | Reached skill level 1 in Axes
  1808 | D:3      | Reached skill level 1 in Maces & Flails
  1808 | D:3      | Reached skill level 1 in Polearms
  1808 | D:3      | Reached skill level 1 in Staves
  1808 | D:3      | Reached skill level 1 in Slings
  1808 | D:3      | Reached skill level 1 in Bows
  1808 | D:3      | Reached skill level 1 in Armour
  1808 | D:3      | Reached skill level 1 in Dodging
  1808 | D:3      | Reached skill level 1 in Stealth
  1808 | D:3      | Reached skill level 1 in Shields
  1808 | D:3      | Reached skill level 1 in Unarmed Combat
  1808 | D:3      | Reached skill level 1 in Evocations
  1857 | D:3      | Mangled by an iguana

Illustrated notes

Levels and vault maps discovered:
D:1:      dpeg_arrival_rhombi, layout_rooms,
          shapermc_ecumenical_altar_flowoftime
D:2:      layout_loops_ring, serial_shops, shop_fountains
D:3:      layout_loops_corners, nicolae_overflow_crystal_walls, minitemple,
          nicolae_overflow_ecumenical_swirl, serial_shops,
          nicolae_shop_advertising_works [nicolae_subvault_shop_adworks]

Skill      XL: |  1  2  3 |
---------------+----------+-----
Spellcasting   | 5 |  5.0
Invocations    | 1 |  1.0
Short Blades   | 1 |  1.0
Long Blades    | 1 |  1.0
Axes           | 1 |  1.0
Maces & Flails | 1 |  1.0
Polearms       | 1 |  1.0
Staves         | 1 |  1.0
Slings         | 1 |  1.0
Bows           | 1 |  1.0
Armour         | 1 |  1.0
Dodging        | 1 |  1.0
Stealth        | 1 |  1.0
Shields        | 1 |  1.0
Unarmed Combat | 1 |  1.0
Evocations     | 1 |  1.0
Fighting       | |  4.6
Crossbows      | |  6.5
Throwing       | |  2.6
Conjurations   | |  0.7
Hexes          | |  0.7
Summonings     | |  0.7
Necromancy     | |  3.8
Translocations | |  0.7
Transmutations | |  0.7
Fire Magic     | |  0.7
Ice Magic      | |  0.7
Air Magic      | |  0.7
Earth Magic    | |  0.7
Poison Magic   | |  0.7

Action                   || total
-------------------------++-------
 Fire: Hand crossbow     ||   101
Throw: Dart              ||     2
 Cast: Call Imp          ||     4
Armor: Robe              ||     6
Dodge: Dodged            ||    13

Table legend: (Time is in decaauts)
 A = Elapsed time spent in this place.
 B = Non-inter-level travel time spent in this place.
 C = Inter-level travel time spent in this place.
 D = Time resting spent in this place.
 E = Time spent auto-exploring this place.
 F = Levels seen in this place.
 G = Mean time per level.
                   A        B        C        D        E       F      G
               +--------+--------+--------+--------+--------+-----+--------+
         Total |   1875 |   1781 |     94 |    238 |   1237 |   3 |  625.0 |
       Dungeon |   1875 |   1781 |     94 |    238 |   1237 |   3 |  625.0 |
               +--------+--------+--------+--------+--------+-----+--------+

Top non-repeatable levels by time:
     D:2: 918 daAuts
     D:1: 550 daAuts
     D:3: 406 daAuts
